 Dungeon Crawl Stone Soup version 0.27-a0-1334-g2746e35aca (webtiles) character file.

Game seed: 1463746581550047842

4 dickylongcocking the Insei (level 1, -1/13 HPs)
             Began as an Octopode Transmuter on June 27, 2021.
             Slain by an endoplasm (3 damage)
             ... on level 1 of the Dungeon.
             The game lasted 00:00:13 (191 turns).

dickylongcocking the Insei (Octopode Transmuter)     Turns: 191, Time: 00:00:13

Health: -1/13      AC:  1    Str:  9    XL:     1   Next: 60%
Magic:  0/3        EV: 13    Int: 15    God:
Gold:   15         SH:  0    Dex: 12    Spells: 3/4 levels left

rFire    . . .     SeeInvis .     - Unarmed
rCold    . . .     Faith    .   (no shield)
rNeg     . . .     Spirit   .   (helmet currently unavailable)
rPois    .         Reflect  .   (no amulet)
rElec    .         Harm     .   (no ring)
rCorr    .         Rampage  .   (no ring)
Will     .....                  (no ring)
Stlth    ++........             (no ring)
HPRegen  0.04/turn              (no ring)
MPRegen  0.08/turn              (no ring)
                                (no ring)
                                (no ring)

@: appendages
A: tentacle spike 3, almost no armour, amphibious, 8 rings, camouflage 1,
gelatinous body 1, (nimble swimmer 1), tentacles
a: End Transformation


You were on level 1 of the Dungeon.
One of your tentacles had grown a beastly spike.
You visited 1 branch of the dungeon, and saw 1 of its levels.

You collected 15 gold pieces.

Inventory:

Potions
 a - a potion of curing {unknown}


   Skills:
 - Level 1.0 Fighting
 - Level 2.0 Dodging
 + Level 0.7 Stealth
 * Level 3.2 Unarmed Combat
 - Level 2.0 Spellcasting
 - Level 2.0 Transmutations


You had 3 spell levels left.
You knew the following spells:

 Your Spells              Type           Power      Damage    Failure   Level
a - Beastly Appendage     Tmut           14%        N/A       10%         1

Your spell library contained the following spells:

 Spells                   Type           Power      Damage    Failure   Level
 Wereblood                Tmut           7%         N/A       14%         2
 Spider Form              Tmut/Pois      2%         N/A       41%         3
 Ice Form                 Ice/Tmut       4%         N/A       82%         4


Dungeon Overview and Level Annotations

Branches:
Dungeon (1/15)

Altars:


Innate Abilities, Weirdness & Mutations

One of your tentacles has grown a beastly spike.
You cannot wear most types of armour.
You are amphibious.
You can wear up to eight rings at the same time.
Your skin changes colour to match your surroundings (Stealth+).
Your rubbery body absorbs attacks. (AC +1, EV +1)
((You are camouflaged near water. (Stealth+)))
You have tentacles for arms and can constrict up to eight enemies at once.


Message History

No target in view!
HP restored.
You now have 15 gold pieces (gained 5).
Things that are here:
a jackal corpse; a jackal corpse
Found a stone staircase leading down.
a - a bubbling pink potion No target in view!
An endoplasm comes into view. 2 ball pythons and a rat come into view.
One of your tentacles grows a vicious spike.
You extend your transformation's duration.
You fail to extend your transformation any further.
The endoplasm quivers.
The ball python hisses angrily.
You closely miss the ball python. Your grab misses the ball python.
Your tentacle spike misses the ball python.
The ball python misses you. The ball python grabs you.
The ball python constricts you. The endoplasm hits you.
The rat bites you but does no damage.
You closely miss the ball python. You grab the ball python.
You constrict the ball python. The ball python bites you.
The ball python constricts you. The endoplasm freezes you.
You are frozen.
* * * LOW HITPOINT WARNING * * *
The rat barely misses you.
Unknown command.
You barely miss the ball python.
The ball python is moderately wounded.
You constrict the ball python.
The ball python bites you but does no damage.
* * * LOW HITPOINT WARNING * * *
The ball python constricts you.
The endoplasm hits you but does no damage.
The rat barely misses you.
You tentacle-slap the ball python.
You kill the ball python!
The endoplasm hits you.
You die...

####....####
#....####
##.####
########..#
#........######
#..............S
#.......#.######
#.........#
#..@....###
#.Jr....#
#.......#
#.......#
#.......#
#.......#
#########


You could see an endoplasm and a rat.

Vanquished Creatures
  A ball python (D:1)
  3 jackals (D:1)
4 creatures vanquished.

Notes
Turn   | Place    | Note
-------+----------+-------------------------------------------
     0 | D:1      | dickylongcocking the Octopode Transmuter began the quest
                  | for the Orb.
     0 | D:1      | Reached XP level 1. HP: 13/13 MP: 3/3
   191 | D:1      | Slain by an endoplasm

Illustrated notes

Levels and vault maps discovered:
D:1:      psy_arrival_whirlpool, layout_rooms,
          hellmonk_ecumenical_altar_leap_of_faith, serial_shops, shop

Action                   || total
-------------------------++-------
Melee: Unarmed           ||    11
       Constrict         ||     3
       Tentacles         ||     2
       Kick              ||     1
 Cast: Beastly Appendage ||     4
Armor: Skin              ||     5
Dodge: Dodged            ||     7

Table legend: (Time is in decaauts)
 A = Elapsed time spent in this place.
 B = Non-inter-level travel time spent in this place.
 C = Inter-level travel time spent in this place.
 D = Time resting spent in this place.
 E = Time spent auto-exploring this place.
 F = Levels seen in this place.
 G = Mean time per level.
                   A        B        C        D        E       F      G
               +--------+--------+--------+--------+--------+-----+--------+
         Total |    190 |    190 |      0 |      0 |    164 |   1 |  190.0 |
       Dungeon |    190 |    190 |      0 |      0 |    164 |   1 |  190.0 |
               +--------+--------+--------+--------+--------+-----+--------+

Top non-repeatable levels by time:
     D:1: 190 daAuts
